 Dungeon Crawl Stone Soup version 0.28.0-53-g5a82cb258f (webtiles) character file.

Game seed: 7364816194984376087

3658 reezoh the Ducker (level 10, -11/77 HPs)
             Began as a Djinni Gladiator on July 19, 2022.
             Was a High Priest of Ashenzari.
             Collided with a rock wall (16 damage)
             ... caused by Erica
             ... on level 9 of the Dungeon.
             The game lasted 00:50:06 (7343 turns).

reezoh the Ducker (Djinni Gladiator)                Turns: 7343, Time: 00:50:08

Health: -11/77     AC:  6    Str: 17    XL:     10   Next: 34%
Gold:   389        EV: 18    Int: 10    God:    Ashenzari [*****.] SH:  0 Dex: 15

rFire   + + .      SeeInvis +   D - +4 morningstar of the Bound Sun {Cun, Self} (curse)
rCold   x . .      Faith    .   t - orb of Ashenzari's Adversity {light, Evo, Cun} (curse)
rNeg    . . .      Spirit   .   b - +0 leather armour of Ashenzari's Prison {Fort, Melee} (curse)
rPois   ∞          Reflect  .   (helmet restricted)
rElec   .          Harm     .   n - +0 cloak "Lethargy of Ashenzari" {Range, Self} (curse)
rCorr   +          Rampage  .   e - +0 pair of gloves of the Fated Foul Odours {Melee, Fort} (curse)
Will    +....      Clarity  +   (boots unavailable)
Stlth   ++........              (no amulet)
HPRegen 1.02/turn               l - ring "Gnosis of Ashenzari" {rCorr, Evo, Cun} (curse)
MPRegen 0.00/turn               r - ring of Ashenzari's Ennui {SInv, Cun, Range} (curse)

@: flying, glowing
A: sickness immunity, fire resistance 2, cold vulnerability 1, float, innate
caster, HP casting, extra vitality 1, antennae 1, regeneration 1
a: Renounce Religion, Curse Item, Shatter the Chains


You were on level 9 of the Dungeon.
You worshipped Ashenzari.
Ashenzari was extremely pleased with you.
You visited 1 branch of the dungeon, and saw 9 of its levels.

You collected 389 gold pieces.

Inventory:

Hand Weapons
 a - a +0 rapier
 f - a +0 spear
 j - a +0 hand axe
 k - a +2 dagger of venom
 m - a +3 rapier of speed
 o - a +1 falchion of protection
 s - a +0 trident
 v - a +0 hunting sling
 w - a +2 flail of protection
 D - the cursed +4 morningstar of the Bound Sun (weapon) {Cun, Self}
   (You took it off a wight on level 6 of the Dungeon)

   It has a curse which improves the following skills: Cunning: Dodging and
   Stealth.
   Introspection: Fighting and Spellcasting.
 G - a +0 shortbow
 J - a +2 flail of protection
 L - a +0 shortbow
Missiles
 d - 3 throwing nets (quivered)
 h - 98 arrows
 x - 3 boomerangs
 B - 36 bolts
Armour
 b - the cursed +0 leather armour of Ashenzari's Prison (worn) {Fort, Melee}

   It has a curse which improves the following skills: Fortitude: Armour and
   Shields.
   Melee Combat: Short Blades, Long Blades, Axes, Maces & Flails, Polearms,
   Staves and Unarmed Combat.
 c - a +0 helmet
 e - the cursed +0 pair of gloves of the Fated Foul Odours (worn) {Melee, Fort}
   (You found it on level 1 of the Dungeon)

   It has a curse which improves the following skills: Melee Combat: Short
   Blades, Long Blades, Axes, Maces & Flails, Polearms, Staves and Unarmed
   Combat.
   Fortitude: Armour and Shields.
 i - a +0 pair of boots
 n - the cursed +0 cloak "Lethargy of Ashenzari" (worn) {Range, Self}
   (You found it on level 2 of the Dungeon)

   It has a curse which improves the following skills: Ranged Combat: Slings,
   Bows, Crossbows and Throwing.
   Introspection: Fighting and Spellcasting.
 t - the cursed orb of Ashenzari's Adversity (worn) {light, Evo, Cun}
   (You found it on level 4 of the Dungeon)

   It has a curse which improves the following skills: Evocations: Evocations.
   Cunning:   Dodging and Stealth.
Magical Staves
 F - a staff of death
Jewellery
 l - the cursed ring "Gnosis of Ashenzari" (left hand) {rCorr, Evo, Cun}
   (You found it on level 2 of the Dungeon)

   [ring of resist corrosion]

   rCorr:     It protects you from acid and corrosion.
   It has a curse which improves the following skills: Evocations: Evocations.
   Cunning:   Dodging and Stealth.
 p - a ring of poison resistance
 r - the cursed ring of Ashenzari's Ennui (right hand) {SInv, Cun, Range}
   (You found it on level 3 of the Dungeon)

   [ring of see invisible]

   SInv:      It lets you see invisible.
   It has a curse which improves the following skills: Cunning: Dodging and
   Stealth.
   Ranged Combat: Slings, Bows, Crossbows and Throwing.
 H - a ring of willpower
Wands
 y - a wand of acid (9)
 A - a wand of charming (2)
 C - a wand of flame (40)
Scrolls
 g - 6 scrolls of identify
 q - 2 scrolls of noise
 u - 3 scrolls of teleportation
 z - a scroll of enchant armour
 E - a scroll of vulnerability
Potions
 I - 3 potions of degeneration


   Skills:
 + Level 5.5(8.9) Fighting
 + Level 4.4(7.7) Short Blades
 + Level 1.2(4.4) Long Blades
 + Level 7.2(10.7) Maces & Flails
 + Level 0.7(2.3) Polearms
 + Level 1.6(4.0) Throwing
 + Level 3.0(5.9) Armour
 + Level 7.5(12.9) Dodging
 + Level 3.2(7.7) Stealth
 + Level 0.7(2.3) Spellcasting
 + Level 3.0(5.9) Evocations


You had 5 spell levels left.
You knew the following spells:

 Your Spells              Type           Power      Damage    Failure   Level
a - Foxfire               Conj/Fire      20%        2x1d5     14%         1
b - Searing Ray           Conj           10%        2d4       21%         2
c - Scorch                Fire           10%        2d5       21%         2
d - Dazzling Flash        Conj/Hex       10%        N/A       38%         3
Your spell library was empty.

Dungeon Overview and Level Annotations

Branches:
Dungeon (9/15)             Temple (0/1) D:6
   Lair: D:8-11         Orc: D:9-12

Altars:
Ashenzari
Makhleb
Qazlal
Wu Jian

Shops:
D:5 (

Portals:
Bailey: D:9

Annotations:
D:4 Pikel
D:9 Erica


Innate Abilities, Weirdness & Mutations

You are immune to sickness and miasma.
You are immune to poison.
Your flesh is very heat resistant. (rF++)
You are vulnerable to cold. (rC-)
You float through the air rather than walking.
You learn spells naturally, not from books.
Your magical power is your life essence.
You have superior vitality. (+4 MHP)
You have a pair of small antennae on your head.
Your natural rate of healing is unusually fast.


Message History

You now have 389 gold pieces (gained 14).
I - 3 potions of degeneration (gained 1) As you open the door, it creaks loudly!
There is an open door here.
You hear the quick creaking of a very distant portcullis.
You reach down and open the door.
There is an open door here.
You sense a monster nearby.
Erica the Fiery-Tempered comes into view.
She is wielding a +4 scimitar of flaming.
Erica screams, "Die!"
Aiming: Throw Flame
Press: ? - help, Q - select action, (/) - cycle Shift-Dir - straight line, f - Erica
Aim: Erica, wielding a +4 scimitar of flaming and wearing a +0 robe (71% to hit)
The puff of flame hits Erica!
Erica is lightly wounded.
You impale Erica!!
Erica is heavily wounded.
Erica hits you with a +4 scimitar of flaming!
Erica burns you.
You sock Erica!
Erica is severely wounded.
Erica closely misses you.
You hit Erica.
Erica is severely wounded.
Erica casts a spell at you. The lance of force hits you!!
You are knocked back by the lance of force.
You slam into the rock wall!
Erica barely misses you.
You hit Erica.
Erica is severely wounded.
Erica completely misses you.
You hit Erica.
Erica is severely wounded.
Erica casts a spell at you. The lance of force hits you!!
* * * LOW HITPOINT WARNING * * *
You are knocked back by the lance of force.
You slam into the rock wall!
You die...

.##. ,,,,,, , ** * *
*.#.,.#.#* ** ,, * ,*
*..,,...# *
,,,,**#########.#,....,
,, ,
,,,..........##..#, ,,
, ** ,,..............#
* , , , *
......@..##..### , *
,,.........#.....#. **
*** ,.....###@........,
,,, * ,,,....
.#...#...#...,,, , ,, *
, ......#...##.##.#,, *
, * *
#.....#.........#* , ,
#.....#.....###.. ,
#.....#.....#, .. , , ,
#.....##'####... . , ,,
. #................,* ,
... #.......########..*
,#####


You could see Erica.

Vanquished Creatures
  Erolcha (D:9)
  A yak (D:8)
  Eustachio (D:6)
  A water moccasin (D:8)
  2 ice beasts (D:6)
  2 orc warriors
  A black bear (D:5)
  A sky beast (D:8)
  A necrophage (D:7)
  An ogre (D:6)
  A centaur (D:8)
  A phantom (D:6)
  2 bullfrogs
  A scorpion (D:4)
  4 killer bees (D:9)
  8 wights
  2 centaur zombies
  A jelly (D:6)
  2 hounds
  A bullfrog zombie (D:7)
  A centaur skeleton (D:7)
  A gnoll shaman (D:6)
  4 orc priests
  An iguana (D:7)
  Jessica (D:2)
  9 orc wizards
  A hound skeleton (D:4)
  8 gnolls
  5 adders
  4 worms (D:2)
  22 orcs
  4 ball pythons
  6 endoplasms
  7 goblins
  5 hobgoblins
  3 jackals (D:1)
  4 quokkas
  5 bats
  3 frilled lizards
  7 kobolds
  6 rats
142 creatures vanquished.

Vanquished Creatures (others)
  A wyvern (D:7)
  2 yaks (D:8)
  A centaur (D:8)
  4 foxfires
8 creatures vanquished.

Grand Total: 150 creatures vanquished

Notes
Turn   | Place    | Note
-------+----------+-------------------------------------------
     0 | D:1      | reezoh the Djinni Gladiator began the quest for the Orb.
     0 | D:1      | Reached XP level 1. HP: 18/18 MP: 0/0
   126 | D:1      | Gained mutation: You have a pair of small antennae on your
                  | head. [potion of mutation]
   126 | D:1      | Gained mutation: Your natural rate of healing is unusually
                  | fast. [potion of mutation]
   510 | D:1      | Reached XP level 2. HP: 20/23 MP: 0/0
   686 | D:1      | Found a faded altar of an unknown god.
   837 | D:1      | Prayed at the altar of an unknown god.
   837 | D:1      | Became a worshipper of Ashenzari the Shackled
   863 | D:1      | Reached XP level 3. HP: 24/28 MP: 0/0
   863 | D:1      | Learned a level 1 spell: Foxfire
  1326 | D:2      | Noticed Jessica
  1331 | D:2      | Killed Jessica
  1332 | D:2      | Reached XP level 4. HP: 31/33 MP: 0/0
  1344 | D:2      | Got Jessica's Guide on Evil Rituals
  1457 | D:2      | Reached skill level 1 in Armour
  1690 | D:2      | Reached XP level 5. HP: 39/39 MP: 0/0
  1690 | D:2      | Learned a level 2 spell: Searing Ray
  1697 | D:2      | Reached * piety under Ashenzari
  2367 | D:3      | Reached ** piety under Ashenzari
  2897 | D:4      | Reached skill level 1 in Stealth
  2918 | D:4      | Noticed a necrophage
  2980 | D:4      | Found a stormy altar of Qazlal.
  3018 | D:4      | Noticed Pikel
  3018 | D:4      | Noticed a lemure
  3018 | D:4      | Noticed a lemure
  3018 | D:4      | Noticed a lemure
  3018 | D:4      | Noticed a lemure
  3060 | D:4      | Reached XP level 6. HP: 45/47 MP: 0/0
  3410 | D:5      | Entered Level 5 of the Dungeon
  3416 | D:5      | Reached *** piety under Ashenzari
  3495 | D:5      | Reached skill level 5 in Dodging
  3899 | D:5      | Noticed a black bear
  3910 | D:5      | Killed a black bear
  3911 | D:5      | Reached XP level 7. HP: 42/53 MP: 0/0
  3911 | D:5      | Learned a level 2 spell: Scorch
  3936 | D:5      | Identified the +1 leather armour of Disguise {rPois rCorr
                  | Str-2 Dex+4}
  4084 | D:5      | Found Homaesot's Antique Weapon Emporium.
  4378 | D:6      | Reached skill level 1 in Long Blades
  4434 | D:6      | Reached skill level 1 in Maces & Flails
  4564 | D:6      | Noticed Eustachio
  4632 | D:6      | Killed Eustachio
  4633 | D:6      | Reached XP level 8. HP: 45/59 MP: 0/0
  4680 | D:6      | Found a staircase to the Ecumenical Temple.
  4719 | D:6      | Reached **** piety under Ashenzari
  5448 | D:7      | Reached XP level 9. HP: 59/66 MP: 0/0
  5448 | D:7      | Learned a level 3 spell: Dazzling Flash
  5475 | D:7      | Reached ***** piety under Ashenzari
  5497 | D:7      | Found an ornate altar of the Wu Jian Council.
  6118 | D:8      | Reached skill level 5 in Maces & Flails
  6127 | D:8      | Found a broken altar of Ashenzari.
  6225 | D:8      | Reached skill level 5 in Fighting
  6248 | D:8      | Reached skill level 1 in Evocations
  6893 | D:9      | Found a burning altar of Makhleb.
  6984 | D:9      | Found a flagged portal.
  7017 | D:9      | Noticed Erolcha
  7029 | D:9      | Killed Erolcha
  7030 | D:9      | Reached XP level 10. HP: 34/77 MP: 0/0
  7334 | D:9      | Noticed Erica
  7343 | D:9      | Collided with a rock wall

Illustrated notes

Levels and vault maps discovered:
D:1:      minmay_arrival_radiant_lines, layout_basic,
          nicolae_ecumenical_lake_church
D:2:      layout_loops_corners, kennysheep_jessica_study
D:3:      layout_basic
D:4:      minmay_chambers_of_twos, layout_loops_ring,
          nicolae_hepliaklqana_monster_ancestors, mainiacjoe_overflow_24_doors,
          uniq_pikel
D:5:      nicolae_BIG_FREAKIN_CUBE, layout_basic, serial_shops, shop,
          lemuel_flamethrower_2
D:6:      layout_basic, minmay_temple_entry_statues_fountains, uniq_eustachio
D:7:      layout_basic, kennysheep_mini_moat
D:8:      layout_loops_ring, evilmike_ruin_ashenzari
D:9:      layout_irregular_city, mainiacjoe_overflow_cross_hatched,
          nemelex_xobeh_ov_fountains_minmay, enter_bailey_8,
          hangedman_decor_clover_reticule, uniq_erica, uniq_erolcha

Skill      XL: |  1  2  3  4  5  6  7  8  9 10 |
---------------+-------------------------------+-----
Short Blades   | 3 4 |  4.4
Dodging        | 4 5 6 7 |  7.5
Armour         | 1 2 3 |  3.0
Stealth        | 1 2 3 |  3.2
Fighting       | 3 4 5 |  5.5
Long Blades    | 1 |  1.2
Maces & Flails | 2 4 6 7 |  7.2
Evocations     | 2 3 |  3.0
Polearms       | |  0.7
Throwing       | |  1.6
Spellcasting   | |  0.7

Action                   |  1- 3 |  4- 6 |  7- 9 | 10-12 || total
-------------------------+-------+-------+-------+-------++-------
Melee: Rapier            |    13 |       |    26 |       ||    39
       Dagger            |    58 |   149 |       |       ||   207
       Punch             |     3 |     7 |       |       ||    10
       Spear             |       |    91 |       |       ||    91
       Falchion          |       |    46 |       |       ||    46
       Flail             |       |     9 |    65 |       ||    74
       Morningstar       |       |       |   136 |    30 ||   166
 Cast: Foxfire           |       |     1 |     1 |       ||     2
       Searing Ray       |       |     1 |       |       ||     1
Invok: Curse Item        |     1 |     4 |     2 |       ||     7
Evoke: Wand              |       |       |    20 |     1 ||    21
  Use: Potion            |     2 |     2 |     4 |       ||     8
       Scroll            |       |     3 |     3 |       ||     6
 Stab: Sleeping          |       |     6 |     4 |       ||    10
Armor: Leather armour    |    19 |    85 |    90 |     4 ||   198
Dodge: Dodged            |    44 |   201 |   260 |    66 ||   571
